 Dungeon Crawl Stone Soup version 0.31-a0-691-g409c26aa35 (webtiles) character file.

Game seed: 14441368590223643167

58 CowFu the Ruffian (level 3, -2/28 HPs)
             Began as a Draconian Shapeshifter on Sept 6, 2023.
             Killed from afar by Ijyb (11 damage)
             ... with a puff of flame
             ... on level 3 of the Dungeon.
             The game lasted 00:01:19 (1656 turns).

CowFu the Ruffian (Draconian Shapeshifter)          Turns: 1656, Time: 00:01:20

Health: -2/28      AC:  5    Str: 16    XL:     3   Next: 76%
Magic:  3/3        EV: 12    Int: 10    God:
Gold:   131        SH:  0    Dex: 12    Spells: 2/2 levels left

rFire   . .          .
                       - Unarmed
rCold   . . .        (no shield)
rNeg    . . .        (body armour unavailable)
rPois   .            (helmet currently unavailable)
rElec   .            (cloak currently unavailable)
rCorr   .            (gloves currently unavailable)
SInv    .            (boots currently unavailable)
Will    .....        (no amulet)
Stlth   +            (no ring)
HPRegen 0.24/turn    (no ring)
MPRegen 0.08/turn

%: no passive effects
@: beast-form
A: beast (slay +2), AC +5, unfitting armour, cold-blooded
a: Begin Untransformation


You were on level 3 of the Dungeon.
You were a hulking beast.
You visited 1 branch of the dungeon, and saw 3 of its levels.

You collected 131 gold pieces.

Inventory:

Jewellery
 h - a ring of magical power
Talismans
 b - a beast talisman (active)
 c - a flux talisman
Scrolls
 d - 2 scrolls of immolation {unknown}
 e - a scroll of fog {unknown}
 g - 2 scrolls of enchant weapon {unknown}
 i - a scroll of teleportation {unknown}
 k - a scroll of revelation {unknown}
 l - a scroll of amnesia {unknown}
 m - a scroll of identify {unknown}
 n - 2 scrolls of poison {unknown}
Potions
 a - 2 potions of lignification
 f - a potion of enlightenment {unknown}
 j - a potion of brilliance {unknown}
 o - a potion of attraction {unknown}


   Skills:
 - Level 1.1 Fighting
 - Level 1.7 Dodging
 + Level 4.0 Unarmed Combat
 + Level 3.8 Shapeshifting


You had 2 spell levels left.
You didn't know any spells.
Your spell library contained the following spells:

 Spells                   Type           Power      Damage    Failure   Level
 Summon Small Mammal      Summ           0%         N/A       36%         1
 Sublimation of Blood     Necr           0%         N/A       50%         2
 Call Canine Familiar     Summ           0%         N/A       75%         3
 Inner Flame              Hex/Fire       0%         N/A       75%         3
 Portal Projectile        Hex/Tloc       0%         N/A       75%         3
 Summon Guardian Golem    Hex/Summ       0%         N/A       75%         3
 Leda's Liquefaction      Hex/Erth       0%         N/A       98%         4
 Petrify                  Tmut/Erth      0%         N/A       98%         4
 Irradiate                Conj/Tmut      0%         3d11      100%        5
 Yara's Violent Unravell  Hex/Tmut       0%         3d3       100%        5
 Enfeeble                 Hex            0%         N/A       100%        7


Dungeon Overview and Level Annotations

Branches:
Dungeon (3/15)

Altars:
Xom

Annotations:
D:3 Grinder, Ijyb


Innate Abilities, Weirdness & Mutations

You are a hulking beast.
Your limbs bulge with bestial killing power. (Slay +2)
Your plain brown scales are hard. (AC +5)
You cannot fit into any form of body armour.
You are cold-blooded and may be slowed by cold attacks.


Message History

Found a stone staircase leading up.
No target in view!
Found an escape hatch in the floor.
The endoplasm quivers.
The endoplasm misses you.
An endoplasm is nearby!
You hit the endoplasm. You tail-slap the endoplasm.
The endoplasm is almost dead.
An endoplasm is nearby!
An endoplasm is nearby!
You hit the endoplasm.
You kill the endoplasm!
Found a ring mail.
No target in view!
You see here a +0 ring mail.
Ijyb the Twisted Goblin comes into view.
She is wielding a +0 dagger and carrying a wand of flame.
Ijyb shouts!
You hear a shout!
Grinder comes into view.
You punch Ijyb! You tail-slap Ijyb.
Ijyb is heavily wounded.
Ijyb hits you but does no damage.
There are monsters nearby!
You barely miss Ijyb. You tail-slap Ijyb.
Ijyb is severely wounded.
Ijyb zaps a wand.
The puff of flame hits you!
You barely miss Ijyb.
Ijyb is severely wounded.
An orc priest comes into view. It is wielding a +0 club.
Ijyb hits you with a +0 dagger.
You barely miss Ijyb.
Ijyb is severely wounded.
The orc priest shouts!
The orc priest mumbles some strange prayers to Beogh against you.
Beogh smites you! Ijyb barely misses you.
You hear a shout! x2
Grinder blinks!
Something unseen opens the door.
Ijyb zaps a wand.
The puff of flame hits you!
Ijyb zaps a wand.
The puff of flame hits you!
You die...

#...5...o. ##.#.##....
##..#..# . . #.#.#.#.# ..
##.#.#.#.##.......
#.##.#.##.#...........
####.##o#.##.##....#.#..# .
#.....'.+.'...........#.##. #
#.##.##.#.##h##>......#...# <
#..#.##.#.##.#..........#.#.#
##.##[#.#.#.##.......##.#.#.#
#.##.#g#.#.# #........#.#.#
#.###..#..### #.#...........
#.# ##.#g##.###.............
#.# #...#........#.####....
#.# ##.##............#...)#
#.# #................[#..#


You could see Ijyb.

Vanquished Creatures
  2 adder zombies (D:2)
  An adder skeleton (D:2)
  A dart slug (D:1)
  4 ball pythons
  3 bats (D:2)
  5 endoplasms
  2 giant cockroaches
  3 hobgoblins
  7 jackals
  3 kobolds (D:1)
  2 quokkas
  A ball python skeleton (D:2)
  A frilled lizard (D:2)
  A goblin (D:1)
  2 quokka skeletons (D:2)
  A quokka zombie (D:2)
  4 rats (D:1)
43 creatures vanquished.

Notes
Turn   | Place    | Note
-------+----------+-------------------------------------------
     0 | D:1      | CowFu the Draconian Shapeshifter began the quest for the
                  | Orb.
     0 | D:1      | Reached XP level 1. HP: 16/16 MP: 1/1
   225 | D:1      | Reached XP level 2. HP: 23/23 MP: 2/2
   518 | D:1      | Found a faded altar of an unknown god.
   713 | D:2      | Reached XP level 3. HP: 28/28 MP: 3/3
   800 | D:2      | Found a shimmering altar of Xom.
  1569 | D:3      | Reached skill level 4 in Unarmed Combat
  1632 | D:3      | Noticed Ijyb
  1632 | D:3      | Noticed Grinder
  1656 | D:3      | Killed from afar by Ijyb

Illustrated notes

Levels and vault maps discovered:
D:1:      co_arrival_square_in_a_square_in_a_square, layout_loops_ring,
          shapermc_ecumenical_altar_hornbeckon
D:2:      layout_loops_corners, serial_undead, serial_undead_a, serial_undead_e,
          serial_undead_a, serial_undead_d, serial_undead_b, serial_undead_a,
          basic_altar
D:3:      layout_rooms, grunt_temple_overflow_open, serial_park_tiny_2,
          interstate_on_off, grunt_ministairs_7, uniq_grinder, uniq_ijyb,
          uniq_robin

Skill      XL: |  1  2  3 |
---------------+----------+-----
Unarmed Combat | 4 |  4.0
Fighting       | |  1.1
Dodging        | |  1.7
Shapeshifting  | |  3.8

Action                     || total
---------------------------++-------
  Melee: Unarmed           ||   101
         Tailslap          ||    14
   Stab: Sleeping          ||     2
 Armour: Skin              ||    52
  Dodge: Dodged            ||    63

Table legend: (Time is in decaauts)
 A = Elapsed time spent in this place.
 B = Non-inter-level travel time spent in this place.
 C = Inter-level travel time spent in this place.
 D = Time resting spent in this place.
 E = Time spent auto-exploring this place.
 F = Levels seen in this place.
 G = Mean time per level.
                   A        B        C        D        E       F      G
               +--------+--------+--------+--------+--------+-----+--------+
         Total |   1655 |   1567 |     88 |      0 |   1318 |   3 |  551.7 |
       Dungeon |   1655 |   1567 |     88 |      0 |   1318 |   3 |  551.7 |
               +--------+--------+--------+--------+--------+-----+--------+

Top non-repeatable levels by time:
     D:2: 843 daAuts
     D:1: 700 daAuts
     D:3: 111 daAuts
